 Dungeon Crawl Stone Soup version 0.30-a0-916-g9813417 (webtiles) character file.

Game seed: 16712372059859254266

5323 Think the Destroyer (level 10, -1/56 HPs)
             Began as an Octopode Conjurer on Apr 8, 2023.
             Was a Priest of Vehumet.
             Shot with a bolt by an orc warrior (19 damage)
             ... on level 9 of the Dungeon on Apr 9, 2023.
             The game lasted 00:36:21 (9072 turns).

Think the Destroyer (Octopode Conjurer)             Turns: 9072, Time: 00:36:24

Health: -1/56      AC:  6    Str:  7    XL:     10   Next: 64%
Magic:  0/13       EV: 17    Int: 24    God:    Vehumet [***...]
Gold:   440        SH:  0    Dex: 13    Spells: 2/13 levels left

rFire   . . .      SeeInvis .    i - +6 mace "Penocec" {pain, Dex+2}
rCold   + . .      Faith    .    (no shield)
rNeg    . . .      Spirit   .    g - +1 hat
rPois   .          Reflect  .    (no amulet)
rElec   .          Rampage  .    p - ring of resist corrosion
rCorr   +                        t - ring of protection from cold
Will    .....                    c - +4 ring of protection
Stlth   +++                      (no ring)
HPRegen 0.29/turn                (no ring)
MPRegen 0.13/turn                (no ring)
                                 (no ring)
                                 (no ring)

@: hasted, very quick
A: almost no armour, amphibious, 8 rings, camouflage 1, gelatinous body 1,
(nimble swimmer 1), tentacles
a: Renounce Religion


You were on level 9 of the Dungeon.
You worshipped Vehumet.
Vehumet was most pleased with you.
You visited 2 branches of the dungeon, and saw 10 of its levels.

You collected 440 gold pieces.

Inventory:

Hand Weapons
 i - the +6 mace "Penocec" (weapon) {pain, Dex+2}
   (You found it on level 2 of the Dungeon)

   Dex:       It affects your dexterity (+2).
Missiles
 y - 4 throwing nets
Armour
 g - a +1 hat (worn)
Jewellery
 c - a +4 ring of protection (on tentacle)
 e - a ring of ice
 p - a ring of resist corrosion (left tentacle)
 t - a ring of protection from cold (right tentacle)
Wands
 u - a wand of polymorph (7)
 v - a wand of quicksilver (16)
 w - a wand of iceblast (11)
Scrolls
 b - a scroll of fear
 d - 4 scrolls of teleportation
 h - a scroll of torment
 j - a scroll of vulnerability
 k - 2 scrolls of immolation
 m - 2 scrolls of noise
 n - a scroll of poison
 r - a scroll of brand weapon
 x - a scroll of amnesia
 A - a scroll of enchant weapon
 B - 2 scrolls of identify
Potions
 a - a potion of degeneration {unknown}
 f - a potion of attraction {unknown}
 l - 2 potions of lignification
 q - a potion of might
 s - 3 potions of brilliance
 z - a potion of magic


   Skills:
 - Level 8.0 Maces & Flails
 + Level 9.6 Dodging
 - Level 2.6 Stealth
 - Level 2.0 Spellcasting
 * Level 10.3 Conjurations


You had 2 spell levels left.
You knew the following spells:

 Your Spells              Type           Power      Damage    Failure   Level
a - Magic Dart            Conj           100%       1d8       1%          1
b - Searing Ray           Conj           100%       2d8       1%          2
c - Iskenderun's Mystic   Conj/Tloc      27%        2d7       4%          4
d - Fulminant Prism       Conj/Hex       13%        3d9       4%          4

Your spell library contained the following spells:

 Spells                   Type           Power      Damage    Failure   Level
 Poisonous Vapours        Pois/Air       4%         N/A       5%          2
 Kiss of Death            Conj/Necr      100%       2d13      1%          1
 Dazzling Flash           Conj/Hex       54%        N/A       1%          3
 Arcjolt                  Conj/Air       13%        1d23      11%         5
 Confusing Touch          Hex            2%         N/A       34%         3
 Ozocubu's Armour         Ice            2%         N/A       34%         3
 Portal Projectile        Hex/Tloc       4%         N/A       34%         3
 Tukima's Dance           Hex            2%         N/A       34%         3
 Vhi's Electric Charge    Tloc/Air       4%         N/A       34%         3
 Dispel Undead            Necr           2%         3d7       75%         4
 Summon Lightning Spire   Summ/Air       2%         N/A       75%         4
 Blade Hands              Tmut           1%         N/A       97%         5
 Ozocubu's Refrigeration  Ice            1%         4d7       100%        7
 Storm Form               Tmut/Air       1%         N/A       100%        7
 Maxwell's Capacitive Co  Air            1%         ∞         100%        8


Dungeon Overview and Level Annotations

Branches:
Dungeon (9/15)             Temple (1/1) D:5             Orc (0/2) D:9
   Lair: D:8-11

Altars:
Cheibriados
Dithmenos
Elyvilon
Fedhas
Gozag
Hepliaklqana
Kikubaaqudgha
Nemelex Xobeh
Okawaru
Ru
Sif Muna
Uskayaw
Vehumet
Wu Jian
Yredelemnul
The Shining One

Portals:
Abyss: D:8

Annotations:
D:8 2 transporters, Taxman66's ghost, novice TeAE


Innate Abilities, Weirdness & Mutations

You cannot wear most types of armour.
You are amphibious.
You can wear up to eight rings at the same time.
Your skin changes colour to match your surroundings (Stealth+).
Your rubbery body absorbs attacks. (AC +1, EV +1)
((You are camouflaged when in or above water. (Stealth+)))
You have tentacles for arms and can constrict up to eight enemies at once.


Message History

Vehumet accepts your kill.
Vehumet is now aiding your destructive spells.
You hear a shout!
Casting: Searing Ray (safe; 1% risk of failure)
Confirm with . or Enter, or press ? or * to list all spells.
Aiming: Magic Dart (safe; 1% risk of failure)
Press: ? - help, Shift-Dir - straight line, f/p - orc warrior
Aim: an orc warrior, wielding a +0 scimitar and wearing a +0 plate armour (almost dead, 100% to hit)
The magic dart hits the orc warrior.
You kill the orc warrior!
Vehumet accepts your kill.
You feel your power returning.
You hear a shout!
The orc warrior shoots a bolt.
The bolt barely misses you.
A troll comes into view.
You hit the troll. Your squeeze misses the troll.
The troll is lightly wounded.
Casting: Magic Dart (safe; 1% risk of failure)
Confirm with . or Enter, or press ? or * to list all spells.
Aiming: Searing Ray (safe; 1% risk of failure)
Press: ? - help, Shift-Dir - straight line, f - troll
Aim: a troll (lightly wounded, 83% to hit)
The searing ray hits the troll.
The troll is moderately wounded. (Press . to maintain the ray.)
The troll bites you but does no damage. The troll misses you.
The troll closely misses you.
The searing ray hits the troll!
The troll is heavily wounded.
The troll misses you. The troll claws you. The troll completely misses you.
The searing ray hits the troll.
The troll is severely wounded.
The searing ray hits the troll!
The troll is almost dead.
You finish channelling your searing ray.
The troll bites you! The troll closely misses you.
The troll claws you but does no damage.
A wight comes into view. It is wielding a +0 hand axe.
The orc warrior shoots a bolt.
The bolt hits you!!
You die...

...# ##..[##.#
...####o###)#)##
..)#...#####).)#
##.).8)))))o)8)#
###...#####)))#
##### ##)## #.####
######
#.o..#+#######
#.....
####@.......>#
#...<.
#T........###....<
z.........#$......
##....$....'.#.....
#.........###.<..^
########### ######


You could see a troll, an orc warrior and a wight.

Vanquished Creatures
  Gastronok (D:9)
  Erica (D:8)
  Pikel (D:4)
  Prince Ribbit (D:8)
  A wyvern (D:7)
  A steam dragon (D:6)
  2 water moccasins
  An orc warrior (D:9)
  4 sky beasts
  3 ogres
  A phantom (D:5)
  4 lemures
  A kobold brigand (D:6)
  Blork the orc (D:4)
  4 bullfrogs
  2 scorpions
  A gnoll sergeant (D:8)
  4 wights (D:6)
  A gnoll bouda (D:8)
  3 hounds
  5 orc priests
  3 sleepcaps
  5 iguanas
  6 orc wizards
  11 gnolls
  Robin (D:4)
  5 adders
  A shadow imp (D:7)
  2 white imps
  2 worms
  4 dart slugs
  47 orcs
  7 endoplasms
  5 giant cockroaches
  20 goblins
  5 hobgoblins
  7 jackals
  3 quokkas
  8 ball pythons
  5 bats
  4 frilled lizards
  12 kobolds
  6 rats
212 creatures vanquished.

Vanquished Creatures (others)
  2 fulminant prisms (D:9)
2 creatures vanquished.

Grand Total: 214 creatures vanquished

Notes
Turn   | Place    | Note
-------+----------+-------------------------------------------
     0 | D:1      | Think the Octopode Conjurer began the quest for the Orb.
     0 | D:1      | Reached XP level 1. HP: 11/11 MP: 3/3
   242 | D:1      | Reached XP level 2. HP: 17/17 MP: 1/5
   384 | D:1      | Learned a level 2 spell: Searing Ray
   801 | D:1      | Reached XP level 3. HP: 18/21 MP: 1/6
  1054 | D:2      | Identified the +6 mace "Penocec" {pain, Dex+2}
  1665 | D:2      | Reached XP level 4. HP: 27/27 MP: 5/7
  1972 | D:3      | Found an opulent altar of Gozag.
  2730 | D:3      | Reached skill level 1 in Maces & Flails
  2753 | D:3      | Reached XP level 5. HP: 15/31 MP: 3/8
  2930 | D:3      | Found a sparkling altar of Nemelex Xobeh.
  3088 | D:4      | Noticed a lemure
  3088 | D:4      | Noticed a lemure
  3173 | D:4      | Noticed Blork the orc
  3175 | D:4      | Killed Blork the orc
  3241 | D:4      | Found a glowing golden altar of the Shining One.
  3273 | D:4      | Reached XP level 6. HP: 29/36 MP: 9/9
  3440 | D:4      | Reached skill level 5 in Conjurations
  3511 | D:4      | Found an iron altar of Okawaru.
  3564 | D:4      | Noticed Robin
  3568 | D:4      | Killed Robin
  3687 | D:4      | Noticed Pikel
  3734 | D:5      | Entered Level 5 of the Dungeon
  3734 | D:5      | Found a staircase to the Ecumenical Temple.
  3740 | Temple   | Entered the Ecumenical Temple
  3796 | Temple   | Became a worshipper of Vehumet
  4006 | D:4      | Killed Pikel
  4007 | D:4      | Reached XP level 7. HP: 19/41 MP: 3/10
  4719 | D:5      | Reached XP level 8. HP: 46/46 MP: 5/11
  5032 | D:5      | Reached skill level 5 in Maces & Flails
  5032 | D:5      | Reached skill level 6 in Conjurations
  5346 | D:6      | Reached * piety under Vehumet
  5346 | D:6      | Offered knowledge of Sandblast by Vehumet.
  5466 | D:6      | Found a white marble altar of Elyvilon.
  6079 | D:6      | Reached XP level 9. HP: 33/51 MP: 3/12
  7027 | D:7      | Reached skill level 7 in Conjurations
  7566 | D:7      | Found a shimmering blue altar of Sif Muna.
  7635 | D:7      | Offered knowledge of Foxfire by Vehumet.
  7859 | D:8      | Noticed Erica
  7981 | D:8      | Reached ** piety under Vehumet
  8009 | D:8      | Killed Erica
  8010 | D:8      | Reached skill level 8 in Conjurations
  8010 | D:8      | Reached XP level 10. HP: 50/56 MP: 3/13
  8220 | D:8      | Reached skill level 9 in Conjurations
  8397 | D:8      | Learned a level 4 spell: Iskenderun's Mystic Blast
  8402 | D:8      | Learned a level 4 spell: Fulminant Prism
  8459 | D:8      | Noticed Prince Ribbit
  8475 | D:8      | Killed Prince Ribbit
  8583 | D:8      | Noticed a wizard
  8587 | D:8      | Noticed a red ugly thing
  8602 | D:8      | Found a one-way gate to the infinite horrors of the Abyss.
  8602 | D:8      | Noticed Taxman66's ghost (novice TeAE)
  8608 | D:8      | Found a transporter.
  8640 | D:8      | Found a transporter.
  8922 | D:9      | Noticed Gastronok
  8944 | D:9      | Killed Gastronok
  8945 | D:9      | Reached skill level 10 in Conjurations
  9014 | D:9      | Offered knowledge of Poisonous Vapours by Vehumet.
  9024 | D:9      | Found a staircase to the Orcish Mines.
  9063 | D:9      | Reached *** piety under Vehumet
  9072 | D:9      | Shot with a bolt by an orc warrior

Illustrated notes

Levels and vault maps discovered:
D:1:      giann_wishing_wells, layout_basic
D:2:      layout_loops_corners
D:3:      layout_basic, grunt_gozag_statues, nemelex_spade_bored_becter
D:4:      layout_basic, okawaru_ov_weapons_minmay,
          mainiacjoe_overflow_six_doors_small, uniq_blork_the_orc, uniq_robin,
          uniq_pikel
D:5:      layout_rooms, minmay_temple_entry_metal_lava, minmay_misc_feat_cross
D:6:      layout_cave_pods, mainiacjoe_overflow_alcove_4
D:7:      layout_rooms, general_overflow_altar
D:8:      layout_loops_ring, gammafunk_ghost_abyssal_escape,
          uniq_prince_ribbit1, uniq_erica
D:9:      layout_roguey, hiddenorc2_lemuel, serial_shops, shop, enter_bailey_2,
          ebering_ghost_funeral_grove, uniq_maurice, uniq_gastronok
Temple:   eino_narrow_crystal_temple

Skill      XL: |  1  2  3  4  5  6  7  8  9 10 |
---------------+-------------------------------+-----
Dodging        | 3 4 6 7 8 9 |  9.6
Maces & Flails | 1 2 4 6 8 |  8.0
Conjurations   | 5 6 8 10 | 10.3
Stealth        | |  2.6
Spellcasting   | |  2.0

Action                     |  1- 3 |  4- 6 |  7- 9 | 10-12 || total
---------------------------+-------+-------+-------+-------++-------
  Melee: Unarmed           |    26 |       |       |       ||    26
         Constrict         |    13 |    16 |    16 |     5 ||    50
         Tentacles         |    13 |    12 |     8 |    14 ||    47
         Mace              |    19 |    67 |    92 |    36 ||   214
         Punch             |     2 |     1 |       |     2 ||     5
   Cast: Magic Dart        |    31 |    27 |    66 |     8 ||   132
         Searing Ray       |     4 |    13 |    36 |    17 ||    70
         Fulminant Prism   |       |       |       |     2 ||     2
  Evoke: Wand              |       |       |     1 |       ||     1
    Use: Potion            |     1 |     4 |     9 |     2 ||    16
         Scroll            |       |    10 |     7 |     1 ||    18
   Stab: Sleeping          |     8 |     6 |     3 |     2 ||    19
 Armour: Skin              |     5 |     2 |    14 |     9 ||    30
  Dodge: Dodged            |    24 |    56 |    85 |    32 ||   197

Table legend: (Time is in decaauts)
 A = Elapsed time spent in this place.
 B = Non-inter-level travel time spent in this place.
 C = Inter-level travel time spent in this place.
 D = Time resting spent in this place.
 E = Time spent auto-exploring this place.
 F = Levels seen in this place.
 G = Mean time per level.
                   A        B        C        D        E       F      G
               +--------+--------+--------+--------+--------+-----+--------+
         Total |   9111 |   8685 |    426 |   1005 |   6053 |  10 |  911.1 |
       Dungeon |   9046 |   8642 |    404 |   1005 |   6014 |   9 | 1005.1 |
        Temple |     64 |     42 |     22 |      0 |     39 |   1 |   64.0 |
               +--------+--------+--------+--------+--------+-----+--------+

Top non-repeatable levels by time:
     D:6: 1651 daAuts
     D:4: 1275 daAuts
     D:3: 1177 daAuts
     D:8: 1019 daAuts
     D:2: 1016 daAuts
     D:5: 957 daAuts
     D:1: 941 daAuts
     D:7: 862 daAuts
     D:9: 144 daAuts
  Temple: 64 daAuts
